 Dungeon Crawl Stone Soup version 0.31-a0-354-g827e0957a7 (webtiles) character file.

Game seed: 189065788526650283

85 mopl the Insei (level 4, -14/28 HPs)
             Began as an Octopode Shapeshifter on July 23, 2023.
             Killed by divine providence
             ... invoked by an orc priest
              (15 damage)
             ... on level 5 of the Dungeon.
             The game lasted 00:02:36 (2140 turns).

mopl the Insei (Octopode Shapeshifter)              Turns: 2140, Time: 00:02:37

Health: -14/28     AC: -7    Str: 14    XL:     4   Next: 48%
Magic:  4/4        EV: 18    Int: 10    God:
Gold:   190        SH:  0    Dex: 14    Spells: 1/3 levels left

rFire   . .          .
                       - Unarmed
rCold   . . .        (no shield)
rNeg    . . .        (helmet currently unavailable)
rPois   .            (no amulet)
rElec   .            q - +5 ring of evasion
rCorr   .            (no ring)
SInv    .            (no ring)
Will    .....        (no ring)
Stlth   ++           (no ring)
HPRegen 0.24/turn    (no ring)
MPRegen 0.09/turn    (no ring)
                     (no ring)

%: no passive effects
@: beast-form, corroded
A: beast (slay +2), almost no armour, amphibious, 8 rings, camouflage 1,
gelatinous body 1, (nimble swimmer 1), tentacles
a: Begin Untransformation


You were on level 5 of the Dungeon.
You were a hulking beast.
You visited 1 branch of the dungeon, and saw 5 of its levels.

You collected 190 gold pieces.

Inventory:

Missiles
 m - 4 poisoned darts (quivered)
 p - 5 curare-tipped darts
Jewellery
 f - a ring of fire
 q - a +5 ring of evasion (left tentacle)
Talismans
 b - a beast talisman
Wands
 n - a wand of light (9)
Scrolls
 c - 2 scrolls of poison {unknown}
 h - 4 scrolls of identify {unknown}
 i - 2 scrolls of blinking {unknown}
 j - a scroll of immolation {unknown}
 k - 3 scrolls of amnesia {unknown}
 l - a scroll of brand weapon {unknown}
 t - a scroll of vulnerability {unknown}
Potions
 a - 2 potions of lignification {!q}
 d - a potion of heal wounds {unknown}
 e - 3 potions of ambrosia {unknown}
 g - 3 potions of curing {unknown}
 o - a potion of enlightenment {unknown}
 r - a potion of resistance {unknown}
 s - a potion of haste {unknown}


   Skills:
 + Level 1.2 Fighting
 + Level 2.0 Dodging
 * Level 4.0 Unarmed Combat
 * Level 3.9 Shapeshifting


You had one spell level left.
You knew the following spells:

 Your Spells              Type           Power      Damage    Failure   Level
e - Blink                 Tloc           0%         N/A       50%         2

Your spell library contained the following spells:

 Spells                   Type           Power      Damage    Failure   Level
 Lesser Beckoning         Tloc           0%         N/A       50%         2
 Momentum Strike          Conj/Tloc      0%         3d8       50%         2


Dungeon Overview and Level Annotations

Branches:
Dungeon (5/15)
 Temple: D:4-7

Altars:
Qazlal
Vehumet


Innate Abilities, Weirdness & Mutations

You are a hulking beast.
Your limbs bulge with bestial killing power. (Slay +2)
You cannot wear most types of armour.
You are amphibious.
You can wear up to eight rings at the same time.
Your skin changes colour to match your surroundings (Stealth+).
Your rubbery body absorbs attacks. (AC +1, EV +1)
((You are camouflaged when in or above water. (Stealth+)))
You have tentacles for arms and can constrict up to eight enemies at once.


Message History

You tentacle-slap the quokka but do no damage.
Your grab misses the quokka. The quokka bites you.
You tentacle-slap the quokka. Your grab misses the quokka.
You squeeze the quokka.
You kill the quokka!
No target in view!
No target in view!
An orc priest, an orc wizard and an orc come into view.
The orc is wielding a +2 dagger of venom.
Found a stone staircase leading down.
There are monsters nearby!
A jelly comes into view.
The orc priest shouts!
The jelly quivers.
You hear a shout!
The orc wizard shouts!
The orc wizard gestures at you while chanting.
The puff of flame hits you!
You see here a book of Frost.
The orc wizard casts a spell at you.
You are confused.
The orc wizard gestures wildly while chanting.
The orc wizard flickers and vanishes!
Deactivating autopickup; reactivate with Ctrl-A.
You hear a shout!
You bump into the rock wall.
You're too confused to move!
A centaur comes into view.
The jelly hits you. The acid corrodes you!
You are splashed with acid!
You bump into the rock wall.
You feel less confused.
The centaur shouts!
The jelly hits you.
* * * LOW HITPOINT WARNING * * *
The acid corrodes you!
You are splashed with acid!
* * * LOW HITPOINT WARNING * * *
The orc barely misses you.
The orc priest mumbles some strange prayers to Beogh against you.
Beogh smites you!
Ouch! That really hurt!
You die...

# ###.# #.
#.#.... ...
.#.#.# #.#
..#c##.#
#.#.#.#
#....#
#######.o..#
....>...Jo#.#
.##.###.h#.#
#.#.## #.###
#.# ###
###.###.#...#
......†<....#
..#.###.#...#
#.##.## #.#
.#


You could see a centaur, a jelly, an orc priest and an orc.

Vanquished Creatures
  3 adders (D:4)
  A worm (D:2)
  2 dart slugs
  2 orcs
  4 ball pythons
  3 bats
  2 endoplasms
  A giant cockroach (D:3)
  A goblin (D:1)
  4 hobgoblins
  8 jackals
  3 quokkas
  3 frilled lizards (D:2)
  4 kobolds
  5 rats
46 creatures vanquished.

Notes
Turn   | Place    | Note
-------+----------+-------------------------------------------
     0 | D:1      | mopl the Octopode Shapeshifter began the quest for the Orb.
     0 | D:1      | Reached XP level 1. HP: 13/13 MP: 1/1
    48 | D:1      | Reached XP level 2. HP: 14/18 MP: 2/2
   552 | D:2      | Found a faded altar of an unknown god.
   793 | D:2      | Reached XP level 3. HP: 18/23 MP: 3/3
   831 | D:2      | Learned a level 2 spell: Blink
  1314 | D:3      | Found a radiant altar of Vehumet.
  1716 | D:4      | Reached XP level 4. HP: 26/28 MP: 4/4
  1761 | D:4      | Found a stormy altar of Qazlal.
  1836 | D:4      | Reached skill level 4 in Unarmed Combat
  2124 | D:5      | Entered Level 5 of the Dungeon
  2139 | D:5      | Noticed a centaur
  2140 | D:5      | HP: 1/28 [acid (7)]
  2140 | D:5      | Killed from afar by an orc priest

Illustrated notes

Levels and vault maps discovered:
D:1:      matt_arrival_diagonals, layout_rooms
D:2:      layout_basic, hellmonk_ecumenical_altar_inner_sanctum,
          palyth_stone_intersect, grunt_decor_junction
D:3:      layout_basic, mainiacjoe_overflow_24_doors
D:4:      layout_basic, mainiacjoe_overflow_cross_hatched,
          nicolae_figureground_pulse
D:5:      layout_loops_ring, nicolae_uskayaw_dance_hall,
          overflow_temple_1_default, lemuel_coloured_pillars_altar,
          temple_statues, uniq_prince_ribbit1

Skill      XL: |  1  2  3  4 |
---------------+-------------+-----
Unarmed Combat | 4 |  4.0
Fighting       | |  1.2
Dodging        | |  2.0
Shapeshifting  | |  3.9

Action                     |  1- 3 |  4- 6 || total
---------------------------+-------+-------++-------
  Melee: Unarmed           |    68 |    12 ||    80
         Constrict         |    21 |     3 ||    24
         Tentacles         |    10 |     3 ||    13
         Punch             |       |     1 ||     1
   Stab: Sleeping          |     6 |     2 ||     8
 Armour: Skin              |     7 |       ||     7
  Dodge: Dodged            |    34 |     5 ||    39

Table legend: (Time is in decaauts)
 A = Elapsed time spent in this place.
 B = Non-inter-level travel time spent in this place.
 C = Inter-level travel time spent in this place.
 D = Time resting spent in this place.
 E = Time spent auto-exploring this place.
 F = Levels seen in this place.
 G = Mean time per level.
                   A        B        C        D        E       F      G
               +--------+--------+--------+--------+--------+-----+--------+
         Total |   2133 |   2016 |    117 |      0 |   1729 |   5 |  426.6 |
       Dungeon |   2133 |   2016 |    117 |      0 |   1729 |   5 |  426.6 |
               +--------+--------+--------+--------+--------+-----+--------+

Top non-repeatable levels by time:
     D:2: 657 daAuts
     D:3: 594 daAuts
     D:4: 459 daAuts
     D:1: 406 daAuts
     D:5: 15 daAuts
